 Dungeon Crawl Stone Soup version 0.30.0-29-ga12c61a403 (webtiles) character file.

Game seed: 660684069572590893

180 ShellytheWitch the Firebug (level 5, -3/29 HPs)
             Began as a Gargoyle Fire Elementalist on June 17, 2023.
             Was a Follower of Jiyva.
             Slain by Grinder (8 damage)
             ... on level 3 of the Dungeon.
             The game lasted 00:29:45 (2377 turns).

ShellytheWitch the Firebug (GrFE)                   Turns: 2377, Time: 00:29:46

Health: -3/29      AC:  9    Str: 12    XL:     5   Next: 60%
Magic:  2/9        EV: 10    Int: 17    God:    Jiyva [*.....]
Gold:   46         SH:  0    Dex: 10    Spells: 7/10 levels left

rFire   . . .        m - +3 dagger
rCold   . . .        (no shield)
rNeg    + . .        g - +0 ring mail
rPois   ∞            (no helmet)
rElec   +            (no cloak)
rCorr   .            (no gloves)
SInv    .            (no boots)
Will    .....        (no amulet)
Stlth   +            (no ring)
HPRegen 1.04/turn    (no ring)
MPRegen 0.36/turn

%: no passive effects
@: no status effects
A: sickness immunity, AC +4, negative energy resistance 1, electricity
resistance, torment resistance 1, petrification resistance
a: Renounce Religion


You were on level 3 of the Dungeon.
You worshipped Jiyva.
Jiyva was aware of your devotion.
You visited 1 branch of the dungeon, and saw 3 of its levels.

You collected 46 gold pieces.

Inventory:

Hand Weapons
 c - a +0 whip of electrocution
 l - a +1 dagger of pain
 m - a +3 dagger (weapon)
 n - a +0 hammer
Missiles
 e - 15 stones
Armour
 a - a +0 robe
 g - a +0 ring mail (worn)
 o - a +1 robe of positive energy
Scrolls
 d - a scroll of enchant weapon {unknown}
 j - a scroll of poison {unknown}
 k - a scroll of torment {unknown}
Potions
 b - a potion of magic
 f - 2 potions of heal wounds
 h - a potion of invisibility
 i - a potion of mutation {unknown}


   Skills:
 + Level 1.3 Fighting
 + Level 0.4 Maces & Flails
 + Level 1.0 Armour
 + Level 2.2 Dodging
 + Level 2.5 Stealth
 + Level 0.5 Unarmed Combat
 + Level 3.0 Spellcasting
 + Level 1.9 Conjurations
 + Level 4.0 Fire Magic


You had 7 spell levels left.
You knew the following spells:

 Your Spells              Type           Power      Damage    Failure   Level
a - Foxfire               Conj/Fire      48%        2x1d6     12%         1
b - Scorch                Fire           32%        2d6       11%         2

Your spell library contained the following spells:

 Spells                   Type           Power      Damage    Failure   Level
 Inner Flame              Hex/Fire       9%         N/A       45%         3
 Volatile Blastmotes      Fire/Tloc      18%        2d11      45%         3
 Flame Wave               Conj/Fire      12%        2d6       75%         4


Dungeon Overview and Level Annotations

Branches:
Dungeon (3/15)

Altars:
Jiyva

Shops:
D:1 (

Annotations:
D:3 Grinder


Innate Abilities, Weirdness & Mutations

You are immune to sickness and miasma.
Your stone body is resilient. (AC +4)
You are immune to poison.
You resist negative energy. (rN+)
You are resistant to electric shocks. (rElec)
You are resistant to unholy torment.
You are immune to petrification.


Message History

Press: ? - help, Q - select action, (/) - cycle Dir - look around, f - activate You conjure some foxfire!
The foxfire hits Grinder.
Grinder is heavily wounded.
The foxfire hits Grinder.
Grinder is severely wounded.
You hear a distant slurping noise.
Grinder says, "Are you a fish?"
Grinder blinks!
Grinder says, "Tell me all your secrets, or I'll kill you."
Grinder hits you.
You writhe in agony.
Casting: Foxfire (safe; 12% risk of failure)
Press: ? - help, Q - select action, (/) - cycle Dir - look around, f - activate You conjure some foxfire!
Grinder gestures at you. You resist with significant effort.
You hit Grinder but do no damage.
Grinder is severely wounded.
The foxfire hits Grinder but does no damage.
Grinder is severely wounded.
The foxfire hits Grinder.
Grinder is severely wounded.
Grinder hits you.
Casting: Foxfire (safe; 12% risk of failure)
Press: ? - help, Q - select action, (/) - cycle Dir - look around, f - activate You conjure some foxfire!
Grinder hits you!
You writhe in agony.
You hit Grinder.
Grinder is almost dead.
The foxfire hits Grinder.
Grinder is almost dead.
The foxfire hits Grinder.
Grinder is almost dead.
Grinder zaps a wand.
The bolt of light hits you!
* * * LOW HITPOINT WARNING * * *
Casting: Foxfire (safe; 12% risk of failure)
Press: ? - help, Q - select action, (/) - cycle Dir - look around, f - activate You conjure some foxfire!
Grinder hits you!
You die...

#.##. ...? #...
#..# #..# # #..# .#
###.###5.##..#..#
.......v@.......#
.#.##.###v§##.###.#
..!.....†..# #
##.##.#.##.# #
#.##... #<#####.#
#......# #
...##.... .......


You could see Grinder (ally target).

Vanquished Creatures
  Sigmund (D:2)
  3 adders (D:2)
  2 dart slugs (D:1)
  A bat (D:3)
  2 giant cockroaches
  13 goblins
  4 hobgoblins (D:2)
  4 jackals (D:1)
  2 kobolds (D:1)
  3 quokkas
  5 ball pythons
  3 frilled lizards
  4 rats
47 creatures vanquished.

Vanquished Creatures (others)
  A jelly (D:2)
  Robin (D:2)
  An adder (D:2)
  An endoplasm (D:2)
  2 goblins (D:2)
  3 quokkas (D:2)
  A ball python (D:2)
  A frilled lizard (D:2)
  2 kobolds
  98 foxfires
111 creatures vanquished.

Grand Total: 158 creatures vanquished

Notes
Turn   | Place    | Note
-------+----------+-------------------------------------------
     0 | D:1      | ShellytheWitch the Gargoyle Fire Elementalist began the
                  | quest for the Orb.
     0 | D:1      | Reached XP level 1. HP: 10/10 MP: 3/3
   181 | D:1      | Reached XP level 2. HP: 3/15 MP: 0/5
   337 | D:1      | Learned a level 2 spell: Scorch
   835 | D:1      | Found Hiehoris's Antique Weapon Shoppe.
  1031 | D:1      | Found a faded altar of an unknown god.
  1058 | D:1      | Prayed at the altar of an unknown god.
  1058 | D:1      | Became a worshipper of Jiyva Jywneaq the Shapeless
  1058 | D:1      | Reached * piety under Jiyva
  1375 | D:1      | Reached XP level 3. HP: 19/19 MP: 4/6
  1635 | D:2      | Reached skill level 1 in Fighting
  1744 | D:2      | Noticed Robin
  1749 | D:2      | Killed Robin
  1763 | D:2      | Reached XP level 4. HP: 21/25 MP: 7/7
  1897 | D:2      | Noticed Sigmund
  1906 | D:2      | Killed Sigmund
  1907 | D:2      | Reached skill level 1 in Armour
  1907 | D:2      | Reached skill level 4 in Fire Magic
  1907 | D:2      | Reached XP level 5. HP: 22/29 MP: 2/9
  2339 | D:3      | Noticed Grinder
  2377 | D:3      | Slain by Grinder

Illustrated notes

Levels and vault maps discovered:
D:1:      co_arrival_square_in_a_square_in_a_square, layout_basic,
          shapermc_ecumenical_altar_mp_highgroup, serial_shops, shop,
          st_stairs_10
D:2:      layout_basic, chequers_arboretum, uniq_sigmund,
          uniq_crazy_yiuf_cottage, uniq_robin
D:3:      layout_loops_ring, old_standard_altar, uniq_grinder

Skill      XL: |  1  2  3  4 |
---------------+-------------+-----
Dodging        | 2 |  2.2
Fighting       | 1 |  1.3
Armour         | 1 |  1.0
Spellcasting   | 3 |  3.0
Fire Magic     | 4 |  4.0
Maces & Flails | |  0.4
Stealth        | |  2.5
Unarmed Combat | |  0.5
Conjurations   | |  1.9

Action                     |  1- 3 |  4- 6 || total
---------------------------+-------+-------++-------
  Melee: Unarmed           |    15 |       ||    15
         Whip              |    45 |       ||    45
         Dagger            |       |    12 ||    12
   Cast: Foxfire           |    30 |    24 ||    54
         Scorch            |     8 |     7 ||    15
    Use: Scroll            |     3 |       ||     3
         Potion            |     1 |       ||     1
 Armour: Robe              |    24 |       ||    24
         Ring mail         |    16 |    11 ||    27
  Dodge: Dodged            |    73 |     7 ||    80
